 Dungeon Crawl Stone Soup version 0.31-a0-345-g1ebeae05c6 (webtiles) character file.

Game seed: 9330093901693069796

22 Dordric the Ruffian (level 2, -2/23 HPs)
             Began as a Gnoll Shapeshifter on July 22, 2023.
             Slain by Robin
             ... wielding a +0 spear
              (4 damage)
             ... on level 2 of the Dungeon.
             The game lasted 00:00:47 (902 turns).

Dordric the Ruffian (Gnoll Shapeshifter)             Turns: 902, Time: 00:00:49

Health: -2/23      AC:  2    Str: 14    XL:     2   Next: 91%
Magic:  2/2        EV: 13    Int:  7    God:
Gold:   79         SH:  0    Dex: 12    Spells: 2/2 levels left

rFire   . .          .
                       - Unarmed
rCold   . . .        (no shield)
rNeg    . . .        a - +0 animal skin
rPois   .            (helmet currently unavailable)
rElec   .            (cloak currently unavailable)
rCorr   .            (gloves currently unavailable)
SInv    .            (boots currently unavailable)
Will    .....        (no amulet)
Stlth   +            (no ring)
HPRegen 0.23/turn    (no ring)
MPRegen 0.08/turn

%: no passive effects
@: beast-form
A: beast (slay +4), fangs 1, strong nose, distributed training
a: Begin Untransformation


You were on level 2 of the Dungeon.
You were a hulking beast.
You visited 1 branch of the dungeon, and saw 2 of its levels.

You collected 79 gold pieces.

Inventory:

Missiles
 k - a throwing net
Armour
 a - a +0 animal skin (worn)
Jewellery
 l - a ring of positive energy
Talismans
 c - a beast talisman
Scrolls
 g - a scroll of immolation {unknown}
 h - a scroll of noise {unknown}
 i - a scroll of summoning {unknown}
Potions
 b - a potion of lignification
 e - a potion of haste {unknown}
 f - a potion of heal wounds {unknown}
 j - a potion of degeneration {unknown}


   Skills:
 + Level 2.5 Fighting
 + Level 0.5 Short Blades
 + Level 0.5 Long Blades
 + Level 0.5 Axes
 + Level 0.5 Maces & Flails
 + Level 0.5 Polearms
 + Level 0.5 Staves
 + Level 0.5 Ranged Weapons
 + Level 0.5 Throwing
 + Level 0.5 Armour
 + Level 4.5 Dodging
 + Level 0.5 Stealth
 + Level 0.5 Shields
 + Level 6.5 Unarmed Combat
 + Level 0.5 Spellcasting
 + Level 0.4 Conjurations
 + Level 0.4 Hexes
 + Level 0.4 Summonings
 + Level 0.4 Necromancy
 + Level 0.4 Translocations
 + Level 0.4 Transmutations
 + Level 0.4 Fire Magic
 + Level 0.4 Ice Magic
 + Level 0.4 Air Magic
 + Level 0.4 Earth Magic
 + Level 0.4 Poison Magic
 + Level 0.7 Invocations
 + Level 0.5 Evocations
 + Level 6.4 Shapeshifting


You had 2 spell levels left.
You didn't know any spells.
Your spell library contained the following spells:

 Spells                   Type           Power      Damage    Failure   Level
 Summon Small Mammal      Summ           0%         N/A       36%         1
 Call Canine Familiar     Summ           0%         N/A       75%         3
 Summon Guardian Golem    Hex/Summ       0%         N/A       75%         3


Dungeon Overview and Level Annotations

Branches:
Dungeon (2/15)

Altars:

Shops:
D:1 [   D:2 [

Annotations:
D:2 Robin


Innate Abilities, Weirdness & Mutations

You are a hulking beast.
Your limbs bulge with bestial killing power. (Slay +4)
You have very sharp teeth.
Your uncanny sense of smell can sniff out nearby items.
Your experience applies equally to all skills.


Message History

You hit the kobold. Your bite misses the kobold.
The kobold is severely wounded.
The frilled lizard bites you.
A goblin comes into view. It is wielding a +0 club.
The kobold hits you with a +0 dagger. The goblin hits you with a +0 club.
Robin throws the goblin at you! The goblin barely misses you.
You barely miss the kobold. Your punch misses the kobold.
The kobold is severely wounded.
The goblin barely misses you. The frilled lizard closely misses you.
The goblin hits you but does no damage. The goblin hits you with a +0 dagger.
The kobold misses you. Robin throws the goblin at you!
You are too injured to fight recklessly!
You are too injured to fight recklessly!
You are too injured to fight recklessly!
You are too injured to fight recklessly!
You are too injured to fight recklessly!
You are too injured to fight recklessly!
You are too injured to fight recklessly!
You are too injured to fight recklessly!
You are too injured to fight recklessly!
You are too injured to fight recklessly!
You are too injured to fight recklessly!
You are too injured to fight recklessly!
You are too injured to fight recklessly!
You are too injured to fight recklessly!
Unknown command.
You punch the frilled lizard!
You kill the frilled lizard!
The goblin barely misses you. x2; The kobold hits you with a +0 dagger.
The goblin hits you with a +0 dagger.
* * * LOW HITPOINT WARNING * * *
Robin closely misses you. The goblin misses you.
The goblin hits you but does no damage.
As you read the scroll labelled OGOPAISMA, it dissolves into smoke.
It was a scroll of fog.
The goblin hits you with a +0 dagger.
* * * LOW HITPOINT WARNING * * *
The goblin barely misses you. The goblin hits you but does no damage.
The kobold closely misses you.
Robin hits you from afar with a +0 spear.
You die...

#.... ##.....
.#####. .......
.......
..########.......
.#####.
..................
#.
.......$...........
#.
...<.......g.g.....
#.#####.
.^........§Kgg..g..
#.......
.........§ghgg.....
#######.
........§gg#######
#.....>. #.....§§.#
#.#####. #........#
#..... ##...#####
#.#.#...
###.#######
#.#.#... #.......#
#.#..... ###.....##
#.#...## #......#
#.#....<


You could see Robin, 2 hobgoblins, 6 goblins and a kobold.

Vanquished Creatures
  2 ball pythons
  A bat (D:1)
  3 endoplasms
  2 hobgoblins
  4 jackals (D:2)
  3 frilled lizards
  3 goblins
  A kobold (D:1)
  A rat (D:1)
20 creatures vanquished.

Notes
Turn   | Place    | Note
-------+----------+-------------------------------------------
     0 | D:1      | Dordric the Gnoll Shapeshifter began the quest for the Orb.
     0 | D:1      | Reached XP level 1. HP: 17/17 MP: 1/1
   292 | D:1      | Found Haowkox's Armour Shoppe.
   514 | D:1      | Reached XP level 2. HP: 22/23 MP: 2/2
   813 | D:2      | Found Catot's Armour Emporium.
   892 | D:2      | Noticed Robin
   902 | D:2      | Slain by Robin

Illustrated notes

Levels and vault maps discovered:
D:1:      dpeg_arrival_circle_labyrinth_c, layout_basic, serial_shops, shop,
          minmay_statues_item
D:2:      layout_basic, serial_shops, shop, shop, nicolae_shop_peninsula, shop,
          nicolae_shop_tiny_waterfront, uniq_robin

Action                     || total
---------------------------++-------
  Melee: Unarmed           ||    30
         Bite              ||     2
         Punch             ||     1
    Use: Scroll            ||     1
 Armour: Animal skin       ||     8
  Dodge: Dodged            ||    28

Table legend: (Time is in decaauts)
 A = Elapsed time spent in this place.
 B = Non-inter-level travel time spent in this place.
 C = Inter-level travel time spent in this place.
 D = Time resting spent in this place.
 E = Time spent auto-exploring this place.
 F = Levels seen in this place.
 G = Mean time per level.
                   A        B        C        D        E       F      G
               +--------+--------+--------+--------+--------+-----+--------+
         Total |    898 |    877 |     21 |      0 |    767 |   2 |  449.0 |
       Dungeon |    898 |    877 |     21 |      0 |    767 |   2 |  449.0 |
               +--------+--------+--------+--------+--------+-----+--------+

Top non-repeatable levels by time:
     D:1: 760 daAuts
     D:2: 138 daAuts
